 Dungeon Crawl Stone Soup version 0.30-a0-739-gea05faddec (webtiles) character file.

Game seed: 11181189980835063010

257 bande the Trooper (level 6, -4/39 HPs)
             Began as a Gargoyle Fighter on Feb 5, 2023.
             Slain by Pikel
             ... wielding a +2 whip of electrocution
              (5 damage)
             ... on level 4 of the Dungeon.
             The game lasted 00:04:28 (3207 turns).

bande the Trooper (Gargoyle Fighter)                Turns: 3207, Time: 00:04:29

Health: -4/39      AC: 17    Str: 20    XL:     6   Next: 16%
Magic:  6/6        EV:  7    Int:  8    God:
Gold:   129        SH:  4    Dex: 11    Spells: 5/5 levels left

rFire   . . .      SeeInvis .    a - +0 war axe
rCold   . . .      Faith    .    c - +0 buckler
rNeg    + . .      Spirit   .    s - +0 chain mail
rPois   ∞          Reflect  .    (no helmet)
rElec   +          Harm     .    e - +0 cloak
rCorr   .          Rampage  .    l - +1 pair of gloves
Will    .....                    (no boots) Stlth
                                 (no amulet)
HPRegen 0.26/turn                (no ring)
MPRegen 0.10/turn                (no ring)

@: no status effects
A: sickness immunity, AC +4, negative energy resistance 1, electricity
resistance, torment resistance 1, petrification resistance
a: no special abilities


You were on level 4 of the Dungeon.
You visited 1 branch of the dungeon, and saw 4 of its levels.

You collected 129 gold pieces.

Inventory:

Hand Weapons
 a - a +0 war axe (weapon)
Armour
 c - a +0 buckler (worn)
 e - a +0 cloak (worn)
 l - a +1 pair of gloves (worn)
 s - a +0 chain mail (worn)
Jewellery
 h - a ring of fire
 p - an amulet of faith
Wands
 j - a wand of polymorph (9)
Scrolls
 o - 3 scrolls of enchant armour
 q - a scroll of teleportation {unknown}
 r - a scroll of immolation {unknown}
Potions
 d - 3 potions of might
 f - a potion of mutation
 g - a potion of haste
 i - a potion of curing {unknown}
 k - a potion of brilliance {unknown}
 m - a potion of resistance {unknown}
 n - a potion of heal wounds {unknown}


   Skills:
 + Level 4.4 Fighting
 + Level 3.6 Axes
 + Level 4.1 Armour
 + Level 4.0 Shields
 * Level 1.8 Evocations


You had 5 spell levels left.
You didn't know any spells.
Your spell library contained the following spells:

 Spells                   Type           Power      Damage    Failure   Level
 Apportation              Tloc           0%         N/A       99%         1
 Necrotise                Necr           0%         1d4       99%         1
 Slow                     Hex            0%         N/A       99%         1
 Summon Small Mammal      Summ           0%         N/A       99%         1
 Confusing Touch          Hex            0%         N/A       100%        3
 Vampiric Draining        Necr           0%         2d6       100%        3
 Agony                    Necr           0%         N/A       100%        5


Dungeon Overview and Level Annotations

Branches:
Dungeon (4/15)
 Temple: D:4-7

Altars:

Annotations:
D:4 1 runed translucent door, Dittersdorf's ghost, amateur GrFi; Pikel


Innate Abilities, Weirdness & Mutations

You are immune to sickness and miasma.
Your stone body is resilient. (AC +4)
You are immune to poison.
You resist negative energy. (rN+)
You are resistant to electric shocks. (rElec)
You are resistant to unholy torment.
You are immune to petrification.


Message History

You barely miss Pikel.
Pikel is moderately wounded.
You closely miss the lemure. You barely miss the lemure. You slash the lemure!
Pikel hits you but does no damage.
The lemure hits you but does no damage. x3
You block the lemure's attack. You block Pikel's attack.
The lemure barely misses you. x2
Unknown command.
You hit Pikel but do no damage.
Pikel is moderately wounded.
You hit the lemure. x2; You barely miss the lemure.
Pikel barely misses you. The lemure hits you.
The lemure hits you but does no damage. x2
Unknown command.
You hit Pikel.
Pikel is heavily wounded.
You hit the lemure. You slash the lemure!
You kill the lemure!
That felt strangely unrewarding.
You hit the lemure but do no damage.
Pikel hits you with a +2 whip of electrocution.
* * * LOW HITPOINT WARNING * * *
The lemure hits you.
* * * LOW HITPOINT WARNING * * *
The lemure closely misses you. You block the hound's attack.
The lemure hits you but does no damage. You block Pikel's attack.
The lemure hits you but does no damage.
Unknown command.
You barely miss Pikel.
Pikel is heavily wounded.
You hit the hound. You miss the lemure. You hit the lemure.
The hound barely misses you. Pikel hits you but does no damage.
The lemure barely misses you. The lemure hits you.
* * * LOW HITPOINT WARNING * * *
The hound bites you but does no damage.
You hit Pikel but do no damage.
Pikel is heavily wounded.
You hit the lemure.
You kill the lemure!
That felt strangely unrewarding.
You hit the lemure. You hit the hound but do no damage.
The hound bites you but does no damage.
Pikel hits you with a +2 whip of electrocution.
You die...

# #.# #.# #### #.#
############...# #.#
###..........#...# #.#
.................# #.#
......h(5........#####.#
.....5K@................
...####.........####....
#.##......#WP#....
#.##......+)8#....
#.##......#.P#....
#.##......####....
#.##......#..###.#
#.##.#####..####.#
#.............#


You could see Pikel, 2 lemures and a hound.

Vanquished Creatures
  2 lemures (D:4)
  Natasha (twice) (D:4)
  2 iguanas (D:4)
  An orc wizard (D:4)
  5 adders
  A worm (D:3)
  2 dart slugs
  2 orcs (D:4)
  2 bats
  10 endoplasms
  3 giant cockroaches
  8 goblins
  2 hobgoblins (D:2)
  11 jackals
  7 kobolds
  3 quokkas
  7 ball pythons
  3 frilled lizards
  3 rats
76 creatures vanquished.

Notes
Turn   | Place    | Note
-------+----------+-------------------------------------------
     0 | D:1      | bande the Gargoyle Fighter began the quest for the Orb.
     0 | D:1      | Reached XP level 1. HP: 14/14 MP: 1/1
    87 | D:1      | Reached XP level 2. HP: 19/19 MP: 2/2
   738 | D:2      | Reached XP level 3. HP: 16/24 MP: 3/3
   796 | D:2      | You fall into a shaft and drop 2 floors!
  1317 | D:2      | Reached XP level 4. HP: 26/29 MP: 4/4
  2430 | D:3      | Reached skill level 1 in Evocations
  2476 | D:3      | Reached XP level 5. HP: 30/33 MP: 5/5
  3002 | D:4      | Noticed Natasha
  3013 | D:4      | Killed Natasha
  3076 | D:4      | Reached XP level 6. HP: 34/39 MP: 6/6
  3179 | D:4      | Found a runed translucent door.
  3179 | D:4      | Noticed Dittersdorf's ghost (amateur GrFi)
  3184 | D:4      | Noticed Natasha
  3189 | D:4      | Noticed Pikel
  3194 | D:4      | Killed Natasha
  3206 | D:4      | HP: 1/39 [lemure[Pikel] (2)]
  3207 | D:4      | Slain by Pikel

Illustrated notes

Levels and vault maps discovered:
D:1:      dpeg_arrival_pond, layout_loops_ring
D:2:      minmay_evil_eye, layout_basic
D:3:      layout_basic, hangedman_feature_mirror
D:4:      layout_basic, minmay_temple_entry_hall, gammafunk_ghost_grave,
          small_statue_intersection, uniq_menkaure, uniq_pikel, uniq_natasha

Skill      XL: |  1  2  3  4  5 |
---------------+----------------+-----
Axes           | 2 3 |  3.6
Fighting       | 4 |  4.4
Evocations     | 1 |  1.8
Shields        | 4 |  4.0
Armour         | 4 |  4.1

Action                     |  1- 3 |  4- 6 || total
---------------------------+-------+-------++-------
  Melee: War axe           |    88 |   160 ||   248
    Use: Scroll            |       |     6 ||     6
 Armour: Scale mail        |    46 |    67 ||   113
         Chain mail        |       |    58 ||    58
  Dodge: Dodged            |    49 |    80 ||   129
  Block: Buckler           |    26 |    37 ||    63

Table legend: (Time is in decaauts)
 A = Elapsed time spent in this place.
 B = Non-inter-level travel time spent in this place.
 C = Inter-level travel time spent in this place.
 D = Time resting spent in this place.
 E = Time spent auto-exploring this place.
 F = Levels seen in this place.
 G = Mean time per level.
                   A        B        C        D        E       F      G
               +--------+--------+--------+--------+--------+-----+--------+
         Total |   3315 |   3199 |    116 |    139 |   2403 |   4 |  828.8 |
       Dungeon |   3315 |   3199 |    116 |    139 |   2403 |   4 |  828.8 |
               +--------+--------+--------+--------+--------+-----+--------+

Top non-repeatable levels by time:
     D:2: 1262 daAuts
     D:1: 747 daAuts
     D:3: 747 daAuts
     D:4: 558 daAuts
